 Dungeon Crawl Stone Soup version 0.26.0-11-g8f856b5395 (webtiles) character file.

Game seed: 6879845313792184970

67 denis1488 the Conjurer (level 4, -6/33 HPs)
             Began as an Octopode Conjurer on Jan 15, 2021.
             Killed from afar by Sigmund (8 damage)
             ... with a puff of flame
             ... on level 2 of the Dungeon.
             The game lasted 00:03:02 (1574 turns).

denis1488 the Conjurer (Octopode Conjurer)          Turns: 1574, Time: 00:03:02

Health: -6/33      AC:  1    Str:  6    XL:     4   Next: 16%
Magic:  1/7        EV: 13    Int: 21    God:
Gold:   68         SH:  0    Dex: 10    Spells: 4/7 levels left

rFire    . . .     SeeInvis .   h - +2 dagger (venom)
rCold    . . .     Faith    .   (no shield)
rNeg     . . .     Spirit   .   (helmet restricted)
rPois    .         Reflect  .   (no amulet)
rElec    .         Harm     .   (no ring)
rCorr    .         Rampage  .   (no ring)
Will     .....                  (no ring)
Stlth    ++........             (no ring)
HPRegen  0.11/turn              (no ring)
MPRegen  0.10/turn              (no ring)
                                (no ring)
                                (no ring)

@: confused
A: almost no armour, stealthy swim, amphibious, 8 rings, constrict 8, camouflage
1, gelatinous body 1
a: no special abilities


You were on level 2 of the Dungeon.
You visited 1 branch of the dungeon, and saw 2 of its levels.

You collected 68 gold pieces.

Inventory:

Hand Weapons
 h - a +2 dagger of venom (weapon)
Missiles
 d - 2 javelins
Wands
 o - a wand of random effects (12)
Scrolls
 a - 3 scrolls of remove curse {unknown}
 g - 2 scrolls of identify {unknown}
 i - a scroll of fear {unknown}
 k - a scroll of fog {unknown}
 l - a scroll of magic mapping {unknown}
Potions
 b - 2 potions of haste {unknown}
 c - a potion of invisibility {unknown}
 e - a potion of curing {unknown}
 f - a potion of magic {unknown}
 j - a potion of degeneration {unknown}
 m - a potion of might {unknown}
 n - a potion of flight {unknown}
 p - a potion of mutation {unknown}


   Skills:
 + Level 3.6 Fighting
 - Level 2.0 Dodging
 - Level 2.6 Stealth
 - Level 2.0 Spellcasting
 - Level 4.0 Conjurations


You had 4 spell levels left.
You knew the following spells:

 Your Spells              Type           Power        Failure   Level
a - Magic Dart            Conj           72%          2%          1
b - Searing Ray           Conj           36%          4%          2

Your spell library contained the following spells:

 Spells                   Type           Power        Failure   Level
 Dazzling Flash           Conj/Hex       20%          19%         3
 Fulminant Prism          Conj/Hex       5%           54%         4
 Iskenderun's Mystic Bla  Conj/Tloc      10%          54%         4


Dungeon Overview and Level Annotations

Branches:
Dungeon (2/15)

Altars:

Annotations:
D:2 Sigmund


Innate Abilities, Weirdness & Mutations

You cannot wear most types of armour.
You are very stealthy in the water. (Stealth+)
You are amphibious.
You can wear up to eight rings at the same time.
You can use your tentacles to constrict eight enemies at once.
Your skin changes colour to match your surroundings (Stealth+).
Your rubbery body absorbs attacks. (AC +1, EV +1)


Message History

The searing ray hits something! (Press . to maintain the ray.)
The searing ray hits something.
A puff of flame appears from out of thin air!
The puff of flame hits you!
You hear some strange, mumbled words.
You are confused.
You bump into the rock wall.
You're too confused to move!
You hear some strange, mumbled words.
You are more confused.
A puff of flame appears from out of thin air!
The puff of flame hits you! Something hits you.
* * * LOW HITPOINT WARNING * * *
Something hits you.
* * * LOW HITPOINT WARNING * * *
A puff of flame appears from out of thin air!
The puff of flame hits you!
You die...

##.#>.....................#
.#............#.†......##.#
.############.#........# .#
.# #.#........# .#
########.#.######## .#
#......#.#.# ##
#........#.#########
#......###....{....#
###.#.†...<@.....#.#
#.#.##########.#.# #####
#.#{# #.#.# ##
#.#.#####..## #.#..........
#.########..# #.# # #.#


There were no monsters in sight!

Vanquished Creatures
  Terence (D:2)
  An adder (D:2)
  A worm (D:2)
  2 leopard geckos (D:1)
  3 giant cockroaches
  5 goblins (D:1)
  3 hobgoblins (D:1)
  A quokka (D:2)
  3 ball pythons (D:1)
  3 bats (D:1)
  3 frilled lizards (D:1)
  2 kobolds (D:1)
  4 rats (D:1)
32 creatures vanquished.

Notes
Turn   | Place    | Note
-------+----------+-------------------------------------------
     0 | D:1      | denis1488 the Octopode Conjurer began the quest for the
                  | Orb.
     0 | D:1      | Reached XP level 1. HP: 11/11 MP: 3/3
    92 | D:1      | Reached skill level 1 in Fighting
   249 | D:1      | Reached XP level 2. HP: 15/18 MP: 3/5
   910 | D:1      | Learned a level 2 spell: Searing Ray
   940 | D:1      | Reached XP level 3. HP: 25/25 MP: 4/6
  1196 | D:2      | Noticed Terence
  1204 | D:2      | Killed Terence
  1205 | D:2      | Reached XP level 4. HP: 31/31 MP: 1/7
  1544 | D:2      | Noticed Sigmund
  1574 | D:2      | Killed from afar by Sigmund

Illustrated notes

Levels and vault maps discovered:
D:1:      minmay_arrival_up_and_down, layout_basic, minmay_pentomino_u2
D:2:      layout_basic, uniq_crazy_yiuf_cottage, uniq_natasha, uniq_terence,
          uniq_sigmund

Skill      XL: |  1  2  3 |
---------------+----------+-----
Fighting       | 1 2 3 |  3.6
Dodging        | |  2.0
Stealth        | |  2.6
Spellcasting   | |  2.0
Conjurations   | |  4.0

Action                   |  1- 3 |  4- 6 || total
-------------------------+-------+-------++-------
Melee: Unarmed           |    10 |       ||    10
       Dagger            |    28 |     3 ||    31
       Constrict         |     7 |     1 ||     8
       Tentacles         |     5 |     1 ||     6
 Cast: Magic Dart        |    18 |       ||    18
       Searing Ray       |     2 |     3 ||     5
 Stab: Sleeping          |     4 |     2 ||     6
Armor: Skin              |     6 |       ||     6
Dodge: Dodged            |    32 |       ||    32
